 Dungeon Crawl Stone Soup version 0.18.1-50-g88ac8fd (webtiles) character file.

303 Chiseanne the Conjurer (level 6, -4/50 HPs)
             Began as a Centaur Air Elementalist on Oct 2, 2016.
             Killed by divine providence
             ... invoked by an orc priest
              (10 damage)
             ... on level 3 of the Dungeon.
             The game lasted 00:08:46 (3948 turns).

Chiseanne the Conjurer (Centaur Air Elementalist)   Turns: 3948, Time: 00:08:46

Health: -4/50      AC:  6    Str: 10    XL:     6   Next: 15%
Magic:  5/10       EV: 10    Int: 16    God:
Gold:   80         SH:  5    Dex: 10    Spells: 3 memorised, 4 levels left

rFire  . . .     SeeInvis .     a - +1 dagger (venom)
rCold  . . .     Gourm    .     h - +0 robe
rNeg   . . .     Faith    .     (no shield)
rPois  .         Spirit   .     m - +0 helmet
rElec  .         Dismiss  .     k - +0 cloak
rCorr  .         Reflect  +     (no gloves)
SustAt .         Harm     .     (no barding)
MR     .....                    e - +5 amulet of reflection
Stlth  +.........               (no ring)
                                (no ring)

@: very slightly contaminated, repel missiles, very quick, not resistant to
hostile enchantments, very unstealthy
A: hooves 3, deformed body, speed 2, tough skin 3
a: no special abilities


You were on level 3 of the Dungeon.
You were hungry.

You visited 1 branch of the dungeon, and saw 3 of its levels.
You also visited: Sewer.

You collected 80 gold pieces.

Inventory:

Hand Weapons
 a - a +1 dagger of venom (weapon)
Missiles
 f - 23 stones (quivered)
 i - 33 poisoned needles
 l - 13 sling bullets
 n - 25 arrows
Armour
 h - a +0 robe (worn)
 k - a +0 cloak (worn)
 m - a +0 helmet (worn)
Jewellery
 e - a +5 amulet of reflection (around neck)
Scrolls
 d - 6 scrolls of identify
Books
 b - a book of Air

   Spells                             Type                      Level
   a - Shock                          Conjuration/Air              1
   b - Swiftness                      Charms/Air                   2
   c - Repel Missiles                 Charms/Air                   2
   d - Static Discharge               Conjuration/Air              3
   e - Lightning Bolt                 Conjuration/Air              5
 j - the Catalogue of Ashen Creation
   (You found it in a sewer)

   Spells                             Type                      Level
   a - Summon Small Mammal            Summoning                    1
   b - Summon Guardian Golem          Hexes/Summoning              3
   c - Leda's Liquefaction            Hexes/Earth                  4
   d - Summon Forest                  Summoning/Translocation      5
   e - Shadow Creatures               Summoning                    6
Comestibles
 c - 3 bread rations
 g - 8 chunks of flesh


   Skills:
 * Level 2.8 Fighting
 * Level 2.5 Dodging
 - Level 1.2 Stealth
 * Level 2.7 Spellcasting
 * Level 3.0 Conjurations
 - Level 2.6 Air Magic


You had 4 spell levels left.
You knew the following spells:

 Your Spells              Type           Power        Failure   Level  Hunger
a - Shock                 Conj/Air       ##..         8%          1    #......
b - Repel Missiles        Chrm/Air       #.....       17%         2    ##.....
c - Static Discharge      Conj/Air       ##......     17%         3    ###....


Dungeon Overview and Level Annotations

Branches:
Dungeon (3/15)

Altars:
Cheibriados
Dithmenos
Elyvilon
Kikubaaqudgha
The Shining One


Innate Abilities, Weirdness & Mutations

You have hooves in place of feet.
Armour fits poorly on your strangely shaped body.
You cover ground very quickly.
You have extremely tough skin (AC +3).


Message History

* * * LOW HITPOINT WARNING * * *
The orc hits you but does no damage.
You hit the orc priest but do no damage.
The orc priest is poisoned.
The orc priest is lightly wounded.
The orc priest hits you with a hand axe.
* * * LOW HITPOINT WARNING * * *
The orc hits you with a flail.
* * * LOW HITPOINT WARNING * * *
You hit the orc priest.
The orc priest looks even sicker.
The orc priest is moderately wounded.
The orc priest calls upon Beogh to heal the orc.
The orc's wounds heal themselves!
You aren't carrying any potions.
Unknown command.
Read which item? (? for menu, Esc to quit)
Okay, then.
The orc priest calls down the wrath of Beogh upon you.
Beogh smites you!
You die...

#..# #.# #...#
#.#.# #..###.#
#... #....
#...)..### #..#
###.# ##.#.....#
#).# # #.#
#.#.....#
#o.###.## #.#
#.......#
##.S...... ..#
###.....#
#o....#.## ###
#.....# #.....#.#
###.######@......#
#............###
########.#.#.#
#.#.#.# #.#.#.#
#.... ###.#


You could see an orc priest, an adder and an orc.

Vanquished Creatures
  2 giant frogs (Sewer)
  Robin (D:2)
  A gnoll (D:1)
  6 adders
  An ooze (D:2)
  3 worms
  4 dart slugs
  4 giant geckos
  An orc (D:3)
  8 giant cockroaches
  15 goblins
  5 hobgoblins
  5 ball pythons
  9 bats
  3 giant newts (Sewer)
  A kobold (D:2)
  8 rats
77 creatures vanquished.

Notes
Turn   | Place    | Note
--------------------------------------------------------------
     0 | D:1      | Chiseanne the Centaur Air Elementalist began the quest for the Orb.
     0 | D:1      | Reached XP level 1. HP: 14/14 MP: 3/3
   177 | D:1      | Reached skill level 1 in Conjurations
   749 | D:1      | Reached XP level 2. HP: 22/22 MP: 1/4
   913 | D:1      | Reached skill level 1 in Fighting
  1121 | D:1      | Learned a level 2 spell: Repel Missiles
  1500 | D:2      | Reached XP level 3. HP: 21/28 MP: 5/5
  1813 | D:2      | Found a shadowy altar of Dithmenos.
  1865 | D:2      | Reached skill level 2 in Conjurations
  1989 | D:2      | Reached XP level 4. HP: 35/35 MP: 7/7
  2017 | D:2      | Learned a level 3 spell: Static Discharge
  2076 | D:2      | Noticed Robin
  2087 | D:2      | Killed Robin
  2377 | D:2      | Found a white marble altar of Elyvilon.
  2378 | D:2      | Found an ancient bone altar of Kikubaaqudgha.
  2381 | D:2      | Found a snail-covered altar of Cheibriados.
  2721 | D:2      | Found a glowing golden altar of the Shining One.
  2846 | D:3      | Found a glowing drain.
  2852 | Sewer    | Entered a sewer
  3120 | Sewer    | Reached XP level 5. HP: 41/41 MP: 8/8
  3753 | Sewer    | Reached XP level 6. HP: 50/50 MP: 4/10
  3786 | Sewer    | Identified the Catalogue of Ashen Creation
  3843 | D:3      | Reached skill level 3 in Conjurations
  3948 | D:3      | Killed from afar by an orc priest

Skill      XL: |  1  2  3  4  5  6 |
---------------+-------------------+-----
Conjurations   | 1 2 3 |  3.0
Fighting       | 1 2 |  2.8
Spellcasting   | 2 |  2.7
Dodging        | 2 |  2.5
Stealth        | |  1.2
Air Magic      | |  2.6

Action                   |  1- 3 |  4- 6 || total
-------------------------+-------+-------++-------
Melee: Club              |    16 |       ||    16
       Unarmed           |     4 |       ||     4
       Kick              |     9 |    21 ||    30
       Dagger            |    59 |   152 ||   211
 Cast: Shock             |    18 |    37 ||    55
       Repel Missiles    |     1 |     1 ||     2
  Use: Scroll            |     5 |       ||     5
       Potion            |       |     2 ||     2
  Eat: Chunk             |     3 |     6 ||     9
Armor: Robe              |    24 |    37 ||    61
       Skin              |       |    18 ||    18
Dodge: Dodged            |    32 |    55 ||    87
       Deflected         |     2 |       ||     2
Block: Other             |     6 |    31 ||    37
